Cogmind - Beta 15 @@@ ROGUE MODE // 2025.08.03 @ 11:05:47 Player: 7604 Result: Destroyed by D-53 Grenadier with Mini Grenade Launcher Performance ------------- Evolutions (0) 0 Regions Visited (2) 400 Robots Destroyed (19) 95 Value Destroyed (421) 421 Prototype IDs (3) 60 Alien Tech Used (0) 0 Bonus (0) 0 TOTAL SCORE: 976 Bonus ------- None Cogmind --------- Core Integrity 0/250 Matter 212/300 Energy 100/100 System Corruption 0% Temperature Cool (0) Movement Core (750) Ox14 Location -10/Mines Parts ------- > --- POWER (1) -------- (None) > --- PROPULSION (2) --- (None) > --- UTILITY (2) ------ Heat Sink High-capacity Storage Unit > --- WEAPON (2) ------- Light Cannon > --- INVENTORY (20) --- Light Treads Heat Sink Structural Scanner Experimental Sensor Array Improved Terrain Scanner Seismic Detector ECM Suite Hacking Suite Bomb Drone Bay Rocket Launcher Rocket Launcher Rocket Launcher Rocket Launcher Datajack Mining Laser Peak State ------------ > --- POWER ------------ Ion Engine > --- PROPULSION ------- Light Treads Light Treads > --- UTILITY ---------- Heat Sink High-capacity Storage Unit > --- WEAPON ----------- Light Cannon Rocket Launcher > --- INVENTORY -------- Light Treads Heat Sink Structural Scanner Experimental Sensor Array Improved Terrain Scanner Seismic Detector ECM Suite Hacking Suite Bomb Drone Bay Rocket Launcher Rocket Launcher Rocket Launcher Rocket Launcher Datajack Mining Laser [Rating: 12] Favorites ----------- Power Ion Engine Engine Ion Engine Propulsion Light Treads Treads Light Treads Utility Seismic Detector Device Seismic Detector Storage Large Storage Unit Weapon Medium Laser Energy Gun Medium Laser Ballistic Gun Assault Rifle Ballistic Cannon Light Cannon Launcher Rocket Launcher Special Melee Weapon Datajack Build | -11 -10 -10 ------- Run | Yrd Mat Min Slots Evolved . | . . . Power . | . . . Propulsion . | . . . Utility . | . . . Weapon . | . . . Parts Attached 21 | 6 14 1 Power 2 | 1 1 . Engine 2 | 1 1 . Core . | . . . Reactor . | . . . Propulsion 3 | 2 1 . Treads 3 | 2 1 . Leg . | . . . Wheel . | . . . Hover . | . . . Flight . | . . . Utility 8 | 1 7 . Device 4 | . 4 . Storage 4 | 1 3 . Processor . | . . . Hackware . | . . . Protection . | . . . Artifact . | . . . Weapon 8 | 2 5 1 Energy Gun 3 | 1 2 . Energy Cannon . | . . . Ballistic Gun 1 | 1 . . Ballistic Cannon 1 | . 1 . Launcher 2 | . 1 1 Special Weapon . | . . . Impact Weapon . | . . . Slashing Weapon . | . . . Piercing Weapon . | . . . Special Melee Weapon 1 | . 1 . Unidentified Prototypes 1 | . 1 . Parts Lost 7 | . 2 5 Power 1 | . . 1 Propulsion 2 | . . 2 Utility . | . . . Weapon 4 | . 2 2 Highest Loss Streak 5 | . 1 5 To Critical Strikes . | . . . Average Backups 10 | 1 10 15 Power . | . . . Propulsion . | . . 1 Utility 4 | . 4 7 Weapon 3 | . 3 5 Tool/Special . | . . . Unused Backups 10 | . 1 9 Power . | . . . Propulsion . | . . . Utility 5 | . . 5 Weapon 5 | . 1 4 Tool/Special . | . . . Average Slot Usage (%) 99 | . 99 99 Engine 14 | . 14 14 Treads 27 | . 27 27 Device 13 | . 13 14 Storage 14 | . 14 14 Energy Gun 13 | . 13 13 Ballistic Gun 9 | . 10 . Ballistic Cannon 4 | . 3 14 Peak Build Rating 12 | 6 11 12 Average Rating 8 | 4 8 10 On Entrance 5 | . 6 9 Naked Turns . | . . . Heaviest Build 51 | 14 51 51 Greatest Support 40 | 40 40 40 Greatest Overweight (x) 1 | . 1 1 Average Overweight (x) . | . . 1 Largest Inventory Capacity 20 | 8 20 20 Average Capacity 12 | 7 12 20 Most Carried 17 | 5 15 17 Average Carried 10 | 1 10 16 Final Capacity 20 | 8 20 20 Final Carried 16 | 5 13 16 Class Distribution -------------------- 98% | Mutant Dominant Class ---------------- Mutant | -10/Materials Mutant | -10/Mines Resources | -11 -10 -10 ----------- Run | Yrd Mat Min Matter Collected 724 | 201 523 . Remotely . | . . . Salvage Created 531 | 18 500 13 Parts 34 | 3 31 . Haulers Intercepted 2 | . 2 . Recyclers Shooed 1 | . 1 . Parts Field Recycled . | . . . Retrieved Matter . | . . . Parts Self-Destructed . | . . . Prevented . | . . . Kills | -11 -10 -10 ------- Run | Yrd Mat Min Combat Hostiles Destroyed 13 | . 10 3 Guns 6 | . 6 . AOE 6 | . 3 3 Classes Destroyed 8 | 1 6 1 Tunneler 1 | 1 . . Hauler 2 | . 2 . Recycler 1 | . 1 . Operator 2 | . 2 . Watcher 3 | . 3 . Swarmer 3 | . 3 . Grunt 7 | . 7 . Assembled 3 | . . 3 Best Kill Streak 5 | 1 5 3 Combat Bots Only 3 | . 3 3 Max Kills in Single Turn 4 | 1 4 1 Gunslinging . | . . . Exploded 2 | . 2 1 Melee . | . . . Uniques/NPCs Destroyed . | . . . Combat | -11 -10 -10 -------- Run | Yrd Mat Min Hostile Shots Fired 71 | . 59 12 Missed 15 | . 14 1 Hits 56 | . 45 11 Melee 3 | . . 3 Projectile 53 | . 45 8 AOE 9 | . . 9 Critical Strikes 1 | . 1 . Damage Taken 1178 | . 625 553 Core 256 | . 95 161 Absorbed by Shields . | . . . Regen/Repaired (Parts) 64 | . 64 . Core Remaining (%) 100 | 100 . . Volleys Fired 67 | 2 56 9 Largest 2 | 2 2 2 Hottest 115 | 70 115 63 Shots Fired 123 | 4 109 10 Gun 102 | 4 98 . Cannon 13 | . 8 5 Launcher 8 | . 3 5 Special . | . . . Kinetic 61 | 2 54 5 Thermal 54 | 2 52 . Explosive 8 | . 3 5 Electromagnetic . | . . . Robot Hit Streak 10 | 1 10 3 Robot Miss Streak 5 | 2 5 1 Penetration Max . | . . . Secondary Targets 1 | . 1 . Max Gunslinging Chain 1 | . 1 . Shots Hit Robots 74 | 1 67 6 Core Hits 39 | 1 30 8 Critical Kills . | . . . Critical Parts Destroyed . | . . . Critical Strikes 3 | . 3 . Burn 3 | . 3 . Melee Attacks 1 | . 1 . Impact . | . . . Slashing . | . . . Piercing . | . . . Sneak Attacks 1 | . 1 . Combat Hostiles . | . . . Follow-up Attacks . | . . . Damage Inflicted 1597 | 13 1266 318 Guns 822 | 12 810 . Cannons 123 | . 71 52 Explosions 634 | . 368 266 Melee . | . . . Ramming 18 | 1 17 . Kinetic 447 | . 395 52 Thermal 498 | 12 486 . Explosive 634 | . 368 266 Electromagnetic . | . . . Impact . | . . . Slashing . | . . . Piercing . | . . . Highest Corruption . | . . . Average Corruption . | . . . Corruption Purged . | . . . Corruption Blocked . | . . . Overload Shots . | . . . Overflow Damage 59 | . 57 2 Projectiles 1 | . 1 . Explosions 58 | . 56 2 Melee . | . . . Knockbacks 3 | . 1 2 Impact . | . . . Kinetic 3 | . 1 2 Secondary . | . . . Self-Inflicted Damage 183 | . 71 112 Shots 5 | . 2 3 Rammed 4 | 1 3 . Targets Rammed 4 | 1 3 . Kicked . | . . . Crushed . | . . . Highest Temperature 426 | 18 426 . Average Temperature 78 | 10 81 . Received Heat Transfer 315 | . 315 . Siege Activations . | . . . Martial Activations . | . . . Shielding Activations . | . . . Robots Disrupted . | . . . Combat Hostiles . | . . . Robots Corrupted . | . . . Combat Hostiles . | . . . Parts Fried . | . . . Impact Corruptions . | . . . Robots Melted 1 | . 1 . Combat Hostiles 1 | . 1 . Parts Melted 4 | . 4 . Heat Transferred 1591 | 37 1554 . Parts Sabotaged . | . . . Parts Stolen . | . . . Parts Stripped . | . . . Power Chain Reactions . | . . . Alert | -11 -10 -10 ------- Run | Yrd Mat Min Maximum Alert Level . | . . . Low Security (%) 100 | 100 100 100 Level 1 . | . . . Level 2 . | . . . Level 3 . | . . . Level 4 . | . . . Level 5 . | . . . High Security . | . . . Max Security . | . . . Peak Influence 174 | 5 174 61 Initial 61 | . . 61 Average 25 | . 27 14 Influence Increases 496 | 5 440 51 Destroy 0b10 Robot/C 200 | . 200 . Destroy 0b10 Robot/NC 45 | 5 40 . Destroy Leader 60 | . 60 . Trap Triggered on 0b10 40 | . 40 . Successful Hack 18 | . 18 . Select Force Hacks 30 | . 30 . Disable Machine 45 | . 15 30 Destroy Structure 43 | . 22 21 Partial Spotted 15 | . 15 . Influence Decreases 485 | 5 282 198 Entered New Map 97 | . . 97 Time Decay 338 | 5 262 71 Lost Part 50 | . 20 30 Squads Dispatched 4 | . 4 . Investigation 2 | . 2 . Extermination . | . . . Reinforcement 2 | . 2 . Assault . | . . . Garrison . | . . . Intercept . | . . . Searches Triggered . | . . . Construction Impeded . | . . . Haulers Reinforced . | . . . Active Scanning Responses . | . . . Cargo Convoy Interrupts . | . . . Stealth | -11 -10 -10 --------- Run | Yrd Mat Min Distress Signals . | . . . Communications Jammed . | . . . Distress Signals . | . . . Times Spotted 29 | . 23 6 Peak Tracking Total 3 | . 3 3 Tactical Retreats . | . . . Traps | -11 -10 -10 ------- Run | Yrd Mat Min Traps Triggered 1 | . 1 . Indirectly . | . . . Trap Hack Attempts 46 | . 46 . Triggered . | . . . Disarmed . | . . . Reprogrammed 6 | . 6 . Reused 4 | . 4 . Traps Extracted . | . . . Installed . | . . . Triggered 4 | . 4 . Machines | -11 -10 -10 ---------- Run | Yrd Mat Min Machines Disabled 3 | . 1 2 Max in Single Turn 1 | . 1 1 Machines Repaired . | . . . Machines Dismantled . | . . . Machines Sabotaged . | . . . Overloaded Fab Kills . | . . . Hacking | -11 -10 -10 --------- Run | Yrd Mat Min Machines Accessed 8 | . 7 1 Terminals 5 | . 5 . Fabricators . | . . . Repair Stations 1 | . 1 . Recycling Units 1 | . 1 . Scanalyzers . | . . . Garrison Access . | . . . Total Hacks 24 | . 23 1 Successful 15 | . 14 1 Failed 9 | . 9 . Catastrophic 1 | . 1 . Database Lockouts . | . . . Manual 14 | . 14 . Terminals 17 | . 17 . Fabricators . | . . . Repair Stations 2 | . 2 . Recycling Units 4 | . 4 . Scanalyzers . | . . . Garrison Access . | . . . Terminal Hacks 4 | . 3 1 Robot Analysis 1 | . 1 . Prototype ID Bank 1 | . 1 . Open Door 1 | . . 1 Locate Traps 1 | . 1 . Fabricator Hacks . | . . . Repair Station Hacks 2 | . 2 . Scan Component 1 | . 1 . Repair 1 | . 1 . Recycling Unit Hacks . | . . . Scanalyzer . | . . . Garrison Access Hacks . | . . . Unauthorized Hacks 9 | . 9 . Terminals 8 | . 8 . Botnet 2 | . 2 . Operators 1 | . 1 . Skim 5 | . 5 . Fabricators . | . . . Repair Stations . | . . . Recycling Units 1 | . 1 . Tunnel 1 | . 1 . Scanalyzers . | . . . Garrison Access . | . . . Data Cores Recovered . | . . . Used . | . . . Hacking Detections 6 | . 6 . Full Trace Events . | . . . Feedback Events . | . . . Feedback Blocked . | . . . Robot Schematics Acquired . | . . . Robots Built . | . . . Authchips . | . . . Time . | . . . Total Robot Build Rating . | . . . Part Schematics Acquired . | . . . Parts Built . | . . . Authchips . | . . . Time . | . . . Total Part Build Rating . | . . . Parts Repaired 1 | . 1 . Time 26 | . 26 . Parts Recycled . | . . . Recycled Matter . | . . . Retrieved Matter . | . . . Retrieved Components . | . . . Parts Scanalyzed . | . . . Part Schematics Acquired . | . . . Parts Damaged . | . . . Bothacking | -11 -10 -10 ------------ Run | Yrd Mat Min Used RIF Installer . | . . . Robots Hacked . | . . . Non-combat . | . . . Combat . | . . . Robot Hacks Applied . | . . . Relay Couplers Released . | . . . Fabnet Peak Effective % . | . . . Robots Rewired . | . . . Allies Hacked . | . . . Hacks Repelled . | . . . Allies | -11 -10 -10 -------- Run | Yrd Mat Min Total Allies . | . . . Largest Group . | . . . Highest-Rated Group . | . . . Highest-Rated Ally . | . . . Total Orders . | . . . Ally Attacks . | . . . Total Damage . | . . . Kills . | . . . Allies Corrupted . | . . . Allies Melted . | . . . Intel | -11 -10 -10 ------- Run | Yrd Mat Min Active Infowar (turns) 2879 | . 2584 295 Terrain 52 | . 52 . Seismic 2827 | . 2532 295 Robot Analysis Total 1 | . 1 . Derelict Logs Recovered . | . . . Drone Launches . | . . . Drone Recoveries . | . . . Exploration | -11 -10 -10 ------------- Run | Yrd Mat Min Turns Passed 3086 | 102 2670 314 Spaces Moved 1080 | 54 909 117 Core 4 | 4 . . Treads 1076 | 50 909 117 Legs . | . . . Wheels . | . . . Hover . | . . . Flight . | . . . Fastest Speed 50 | 50 160 240 Average Speed 172 | 151 164 240 Slowest Speed 240 | 160 240 240 Overloaded Moves . | . . . Propulsion Burnouts . | . . . Robots Hopped . | . . . Potential Cave-ins . | . . . Cave-ins Triggered . | . . . Exploration Rate (%) 41 | 3 98 24 Regions Visited 2 Branch Regions 1 Pre-discovered Areas 1 | . 1 . Known Exits Taken . | . . . Unknown Exits Taken 2 | 1 1 . Scrap Searched . | . . . Spaces Dug 21 | . 21 . Terrain Destroyed 48 | . 21 27 Melee . | . . . Projectile . | . . . AOE 48 | . 21 27 Terrain Rammed . | . . . Walls Destroyed . | . . . Machines Disabled . | . . . Actions | -11 -10 -10 --------- Run | Yrd Mat Min Total 2172 | 67 1965 140 Wait 910 | . 901 9 Move 1079 | 54 908 117 Hop . | . . . Pick Up 22 | 5 14 3 Fast Attach 7 | 6 1 . Attach 6 | . 5 1 Detach 1 | . 1 . Swap 24 | . 23 1 Drop 6 | . 6 . Fire 67 | 2 56 9 Melee 1 | . 1 . Ram . | . . . Kick . | . . . Crush 3 | . 3 . Escape Stasis . | . . . Rewire . | . . . Trap 46 | . 46 . Miscellaneous . | . . . Route ------- -11/Scrapyard -10/Materials (discovered 6 exits: *Mat x3 / *Min x2 / Sub) -10/Mines (discovered 2 exits: Mat x2) History --------- Turn | Location | Event 8 | -11/Scrapyard | Discovered new exit (range 15) 103 | -11/Scrapyard | Entered Materials 303 | -10/Materials | Build established: Mutant 407 | -10/Materials | Discovered new exit (range 16) 713 | -10/Materials | Discovered new exit (range 4) 821 | -10/Materials | Learned location of 2 exits from Mines 886 | -10/Materials | Identified exit to Materials 886 | -10/Materials | Identified exit to Subcaves 939 | -10/Materials | Learned 4 Subcaves zone layouts 982 | -10/Materials | Learned 2 Storage zone layouts 1114 | -10/Materials | Loaded intel: 13 trap records 1231 | -10/Materials | Discovered exit to Materials (range 16) 1425 | -10/Materials | Repaired Lgt. Treads 2773 | -10/Materials | Entered Mines 2784 | -10/Mines | Found the Drone Emporium 2797 | -10/Mines | Found Prototype Device 2851 | -10/Mines | Received a Rocket Launcher from a helpful Derelict 2915 | -10/Mines | Found a damaged Exp. Sensor Array with a note attached 2921 | -10/Mines | Found Prototype Device 3011 | -10/Mines | Assembled infested the area 3085 | -10/Mines | Core integrity fell below 50% 3087 | -10/Mines | Core integrity fell below 20% 3087 | -10/Mines | Destroyed by D-53 Grenadier with Mini Grenade Launcher Last Messages --------------- 03011_ ALERT: Infestation in the mines, dispatching Demolisher response squad. 03066_ The unstable cave ceiling collapses. 03066_ Med. Laser destroyed. 03071_ Lgt. Treads destroyed. 03071_ as-40045 destroyed. 03071_ Laser Drill disabled. 03073_ as-03810 destroyed. 03073_ Laser Drill disabled. 03075_ as-28079 destroyed. 03077_ as-41873 destroyed. 03079_ The unstable cave ceiling collapses. 03080_ Ion Engine destroyed. 03083_ Lgt. Treads destroyed. 03083_ Destroyed Lgt. Treads. 03083_ D-53 Grenadier knocked back. 03084_ Rocket Launcher destroyed. 03084_ U-05 Engineer builds a Wall. 03085_ The unstable cave ceiling collapses. 03086_ D-53 Grenadier knocked back. Map ----- +----------------------------------------------------+ | ?????????????????????????????????????????????????? | | ?????????????????????????????????????????????????? | | ?????????????????????????????????????????????????? | | ?????????????????????????????????????????????????? | | ?????????????????????????????????????????????????? | | ?????????????????????????????????????????????????? | | ???????????????????????????????? ????????????????? | | ???????????????????????????????? ?????????????#### | | ???????????????????????????????? ????????????## | | ???????????????????????????????? ????????????# | | ???????????????????????????????# ????????????# | | ???????????????????????????????# ????????????# | | ???????????????????????????????# ???????????## | | ???????????????????????????????# #??????????# | | ???????????????????????????????# #?????????## ## | | ????????????????#####??????????# #???????### ##? | | ????????????????# ###???????# #??????## #?? | | ????????????????# ??##???# ######## ##?? | | ????????????????# # ## ##### ##??? | | ???????????????## %dd% ## ### ##???? | | ???????????????# ## ## ## #?# ##????? | | ???????????##### # ## ## ### #?????? | | ???????????# # ### #?????? | | ???????????# # ##?##### #??#### | | ???????????# """ # #??????# #### | | ?????????????""" @ #??????# ## | | ?????????????""" #??????# # | | ???????????? #??????# | | ???????????# ## ##??????### # | | ???????????######### ######?????????####### | | ???????????????????#### # ###????????????????????? | | ???????????????????????#?#???????????????????????? | | | | | | | | | | | | | | | | | | | | | | | | | | | | | | | | | | | | | +----------------------------------------------------+ Best States ------------- Heat Dissipation 35 Energy Generation 10 Energy Capacity 250 Matter Stores 300 Matter Capacity 300 Sight Range 16 Terrain Scan Range 16 Terrain Scan Density 10 Evasion (%) 40 Recoil Reduction 2 Item Schematics ----------------- None Robot Schematics ------------------ None Fabricated ------------ Nothing Repaired ---------- Lgt. Treads | 54% | -10/Materials Alien Tech Used ----------------- None Achievements -------------- None Challenges ------------ None Game ------ Seed BraceHypervelocityRail Manual? 0 Play Time 00:17:01 Cumulative 527.8 hours Start 2025.08.03 @ 10:49:08 End 2025.08.03 @ 11:05:47 Sessions 1 Manual Loads 0 Difficulty Rogue Special Mode None Game No. 277 Rogue 214 Adventurer 63 Explorer 0 Win Type - Total 9 Types 8/0/0/1/0/0/0/0/0/0 Lore% 90 Gallery% 82 Achievement% 67 Wizard Run 0 Options --------- Layout 2 ASCII 0 Keyboard 1 Movement Numpad Keybinds 0 Fullscreen 2 Font 24/Terminus Map View 50x44 Zoom Use 0% Tactical HUD 1 Map Filters NONE Filters NONE Steam 1 RUN: 52c6cd5f-99b3-4093-9c2d-089ca11fe809